 Dungeon Crawl Stone Soup version 0.29-a0-870-g2c972031a6 (webtiles) character file.

Game seed: 7141377196989763371

159790 mcwallace the Eclecticist (level 17, -6/97 HPs)
             Began as a Deep Elf Ice Elementalist on July 17, 2022.
             Was a High Priest of Vehumet.
             Killed from afar by a thorn hunter (44 damage)
             ... with a volley of thorns
             ... on level 4 of the Swamp on July 18, 2022.
             The game lasted 02:59:14 (35777 turns).

mcwallace the Eclecticist (DEIE)                   Turns: 35777, Time: 02:59:15

Health: -6/97      AC: 17    Str:  5    XL:     17   Next: 17%
Magic:  39/41      EV: 33    Int: 38    God:    Vehumet [*****.]
Gold:   1580       SH:  7    Dex: 11    Spells: 9/53 levels left

rFire   + . .      SeeInvis +   D - +3 flail "Leshaidgh" {flame, +Blink rC- rN+ Int+4, mace}
rCold   + + .      Faith    .   E - +2 buckler {rPois}
rNeg    + + .      Spirit   .   q - +2 robe of Red Leaves {Regen+ Int+5 SInv}
rPois   +          Reflect  .   l - +2 hood of the Assassin {Detection Stab+ Stlth++}
rElec   +          Harm     .   J - scarf {repulsion}
rCorr   .          Rampage  +   G - +2 pair of gloves
Will    ++++.                   y - +3 pair of mountain boots {steadfast, rC+}
Stlth   ++........              N - amulet of Life {Acrobat Rampage Drain Will+++ Regen+ Dex-4}
HPRegen 1.86/turn               R - ring of protection from fire
MPRegen 0.27/turn               x - ring "Hycout" {rElec rC++ rN+ AC+4}

@: acrobatic, slowed, repel missiles, very slow
A: no striking features
a: Renounce Religion, Evoke Blink


You were on level 4 of the Swamp.
You worshipped Vehumet.
Vehumet was extremely pleased with you.
You visited 6 branches of the dungeon, and saw 31 of its levels.
You also visited: Ossuary.

You collected 5171 gold pieces.
You spent 3591 gold pieces at shops.


   Skills:
 - Level 8.2 Fighting
 - Level 16.6 Dodging
 - Level 2.4 Stealth
 - Level 5.0 Shields
 - Level 18.5 Spellcasting
 - Level 10.6 Conjurations
 - Level 7.0 Necromancy
 * Level 13.7 Fire Magic
 - Level 12.8 Ice Magic
 - Level 5.0 Poison Magic
 - Level 10.0 Evocations


You had 9 spell levels left.
You knew the following spells:

 Your Spells              Type           Power      Damage    Failure   Level
a - Freezing Cloud        Conj/Ice/Air   38%        6-21      1%          5
b - Frozen Ramparts       Ice            100%       1d12      0%          3
c - Ozocubu's Armour      Ice            93%        N/A       0%          3
d - Magic Dart            Conj           100%       1d8       0%          1
e - Mephitic Cloud        Conj/Pois/Air  66%        N/A       1%          3
f - Scorch                Fire           100%       2d10      0%          2
g - Olgreb's Toxic Radia  Pois           65%        N/A       1%          4
h - Ignite Poison         Fire/Tmut/Pois 70%        N/A       1%          3
i - Ozocubu's Refrigerat  Ice            46%        4d14      1%          7
j - Irradiate             Conj/Tmut      33%        3d22      1%          5
k - Ignition              Fire           48%        3d14      7%          8

Your spell library contained the following spells:

 Spells                   Type           Power      Damage    Failure   Level
 Eringya's Noxious Bog    Tmut/Pois      26%        N/A       16%         6
 Foxfire                  Conj/Fire      100%       2x1d9     0%          1
 Freeze                   Ice            100%       1d11      0%          1
 Searing Ray              Conj           100%       2d8       0%          2
 Conjure Flame            Conj/Fire      91%        6-21      0%          3
 Apportation              Tloc           70%        N/A       1%          1
 Necrotise                Necr           100%       1d9       1%          1
 Shock                    Conj/Air       100%       1d9       1%          1
 Summon Small Mammal      Summ           100%       N/A       1%          1
 Call Imp                 Summ           35%        N/A       1%          2
 Ensorcelled Hibernation  Hex/Ice        100%       N/A       1%          2
 Passwall                 Tmut/Erth      29%        N/A       1%          2
 Sublimation of Blood     Necr           73%        N/A       1%          2
 Inner Flame              Hex/Fire       72%        N/A       1%          3
 Animate Dead             Necr           73%        N/A       1%          4
 Flame Wave               Conj/Fire      91%        2d15      1%          4
 Fulminant Prism          Conj/Hex       33%        3d16      1%          4
 Hailstorm                Conj/Ice       90%        3d18      1%          4
 Sticky Flame             Conj/Fire      91%        2d10      1%          4
 Fireball                 Conj/Fire      45%        3d18      1%          5
 Starburst                Conj/Fire      45%        6d13      1%          6
 Confusing Touch          Hex            35%        N/A       3%          3
 Gell's Gravitas          Tloc           35%        N/A       3%          3
 Swiftness                Air            35%        N/A       3%          3
 Teleport Other           Tloc           35%        N/A       3%          3
 Airstrike                Air            17%        0-6+      3%          4
 Borgnjor's Vile Clutch   Necr/Erth      29%        N/A       7%          5
 Yara's Violent Unravell  Hex/Tmut       17%        3d8       9%          5
 Death Channel            Necr           36%        N/A       10%         6
 Cause Fear               Hex            17%        N/A       11%         4
 Petrify                  Tmut/Erth      35%        N/A       11%         4
 Dispersal                Tloc           17%        N/A       86%         6
 Borgnjor's Revivificati  Necr           36%        N/A       99%         8
 Enfeeble                 Hex            17%        N/A       100%        7
 Discord                  Hex            17%        N/A       100%        8
 Necromutation            Tmut/Necr      29%        N/A       100%        8
 Death's Door             Necr           36%        N/A       100%        9

Inventory:

Hand Weapons
 c - a +7 morningstar of protection {mace}
   (You took it off Louise on level 3 of the Spider Nest)
 D - the +3 flail "Leshaidgh" (weapon) {flame, +Blink rC- rN+ Int+4, mace}
   (You took it off an orc warrior on level 13 of the Dungeon)

   It burns those it strikes, dealing additional fire damage.
   Int:       It affects your intelligence (+4).
   rC:        It makes you vulnerable to cold.
   rN:        It protects you from negative energy.
   +Blink:    It lets you blink.
Missiles
 h - 237 stones {throwing}
 C - 63 boomerangs {throwing}
 K - 8 throwing nets {=f!fthrowing}
 O - 22 poisoned darts {throwing}
 Q - 5 silver boomerangs {throwing}
 U - 6 curare-tipped darts {=fthrowing}
Armour
 l - the +2 hood of the Assassin (worn) {Detection Stab+ Stlth++}
   (You found it on level 13 of the Dungeon)

   It allows the wearer to sense nearby creatures.
   It allows the wearer to make particularly effective stabbing attacks against
   helpless or unaware enemies with any weapon.
   Stlth:     It makes you much more stealthy.
 q - the +2 robe of Red Leaves (worn) {Regen+ Int+5 SInv}
   (You found it on level 13 of the Dungeon)

   Int:       It affects your intelligence (+5).
   SInv:      It lets you see invisible.
   Regen:     It increases your rate of health regeneration.
 u - the +0 ring mail "Kiohes" {Will- rCorr Int+3}
   (You found it on level 2 of the Dungeon)

   Int:       It affects your intelligence (+3).
   rCorr:     It protects you from acid and corrosion.
   Will:      It decreases your willpower.
 y - the +3 pair of mountain boots (worn) {steadfast, rC+}
   (You acquired it on level 5 of the Dungeon)

   It prevents involuntary movement, except for blinking, teleportation, or
   banishment.
   rC:        It protects you from cold.
 E - a +2 buckler of poison resistance (worn)
   (You took it off a tengu warrior on level 13 of the Dungeon)
 G - a +2 pair of gloves (worn)
   (You found it on level 10 of the Dungeon)
 J - a scarf of repulsion (worn)
   (You found it on level 5 of the Lair of Beasts)
Jewellery
 x - the ring "Hycout" (right hand) {rElec rC++ rN+ AC+4}
   (You found it on level 7 of the Dungeon)

   [ring of protection]

   AC:        It affects your AC (+4).
   rC:        It greatly protects you from cold.
   rElec:     It insulates you from electricity.
   rN:        It protects you from negative energy.
 N - the amulet of Life (around neck) {Acrobat Rampage Drain Will+++ Regen+ Dex-4}
   (You bought it in a shop on level 2 of the Orcish Mines)

   [amulet of the acrobat]

   It increases your evasion while moving and waiting.
   Dex:       It affects your dexterity (-4).
   Regen:     It increases your rate of health regeneration.
   Drain:     It drains your maximum health when unequipped.
   Rampage:   It bestows one free step when moving towards enemies.
   Will:      It greatly increases your willpower.
 R - a ring of protection from fire (left hand)
   (You found it on level 6 of the Dungeon)
Wands
 a - a wand of light (16)
   (You found it on level 8 of the Dungeon)
 i - a wand of mindburst (3)
   (You found it on level 13 of the Dungeon)
 p - a wand of digging (21)
   (You found it on level 9 of the Dungeon)
 A - a wand of paralysis (17)
   (You found it on level 5 of the Lair of Beasts)
 S - a wand of roots (22)
   (You found it on level 6 of the Dungeon)
 X - a wand of flame (56)
   (You took it off Psyche on level 8 of the Dungeon)
Scrolls
 d - a scroll of brand weapon
 e - 2 scrolls of fear
 f - 5 scrolls of poison {!r}
 o - 4 scrolls of fog
 t - 13 scrolls of teleportation {@r4}
 v - a scroll of amnesia
 w - 2 scrolls of immolation {!r!r}
 H - 3 scrolls of vulnerability {!r!r}
 L - 5 scrolls of enchant weapon
 M - 6 scrolls of blinking {!r}
 P - 2 scrolls of magic mapping {!r}
 T - a scroll of summoning
 Z - a scroll of silence {!r}
Potions
 b - 3 potions of magic
 g - 5 potions of heal wounds {@q2}
 j - 6 potions of mutation {!q}
 k - 7 potions of flight
 n - 4 potions of haste {@q3}
 r - 12 potions of curing {@q1}
 s - 7 potions of lignification {!q}
 z - 6 potions of brilliance
 B - 3 potions of cancellation
 F - a potion of resistance {unknown}
 I - 6 potions of might
 V - a potion of ambrosia {unknown}
 W - 4 potions of invisibility {unknown}
 Y - 5 potions of attraction {!q}
Miscellaneous
 m - a phantom mirror
   (You found it on level 11 of the Dungeon)

Dungeon Overview and Level Annotations

Branches:
Dungeon (15/15) Zot: 25900  Temple (1/1) D:4 Zot: 5838    Lair (6/6) D:10 Zot: 25144
  Swamp (4/4) Lair:2 Zot: 20187  Spider (3/4) Lair:4 Zot: 14297   Slime (0/5) Lair:5
    Orc (2/2) D:9 Zot: 9639     Elf (0/3) Orc:2        Vaults (0/5) D:14
 Depths (0/4) D:15        Ossuary (visited)

Altars:
Ashenzari
Cheibriados
Dithmenos
Elyvilon
Fedhas
Gozag
Hepliaklqana
Kikubaaqudgha
Makhleb
Nemelex Xobeh
Okawaru
Qazlal
Sif Muna
Trog
Uskayaw
Vehumet
Wu Jian
Xom
Yredelemnul
Zin
The Shining One
Jiyva

Shops:
D:7 :   Orc:2 *=??=

Portals:
Trove: D:14 (give +6 demon blade)

Annotations:
D:9 3 runed translucent doors, zishaf's ghost, novice VSBr
Lair:1 1 runed translucent door
Swamp:4 dolemite99's ghost, journeyman TrAK
Spider:3 Nikola

≈..≈♣♣ ..^§≈♣ ♣♣♣♣♣
.≈....... (....♣ ♣
.......... ?...♣♣♣♣♣♣ P.
....# #######...♣≈.≈♣♣PP§
....#i......#..PP○○.≈.PP.
≈...#.$.....#.PPP○○≈≈.P♣.
.≈..#.!.....'fPPP°○≈≈≈PP.
≈...#.=....kWikP@○○≈§≈PP.
....#.!.....fPPPP≈§≈..P♣.
....#.}.....#.PPP≈§≈♣♣♣♣
....#......f#..≈≈§≈♣♣
.≈..#########.†.≈≈≈♣
..................♣♣
≈≈.........†...≈..≈..
≈≈.≈.≈≈♣♣♣♣♣≈≈.≈≈≈≈.♣
≈..≈≈≈.♣ ♣♣.♣.≈≈≈♣♣


You could see 2 thorn hunters, a shambling mangrove, 2 death drakes, a spriggan
rider and dolemite99's ghost.


Message History

😎 MP[-2]
You lost 2 mp, and now have 33/41 mp.
Casting: Frozen Ramparts (safe; 0% risk of failure)
Confirm with . or Enter, or press ? or * to list all spells.
A film of ice covers your body! 😎 MP[-3]
You lost 3 mp, and now have 30/41 mp.
Casting: Ozocubu's Armour (safe; 0% risk of failure)
Confirm with . or Enter, or press ? or * to list all spells.
You ignite the poison in your surroundings!
The tyrant leech seems to burn from within!!!
You kill the tyrant leech!
Vehumet accepts your kill.
You feel your power returning. 😎 MP[-2]
You lost 2 mp, and now have 28/41 mp.
Casting: Ignite Poison (safe; 1% risk of failure)
Confirm with . or Enter, or press ? or * to list all spells.
Aiming: Magic Dart (safe; 0% risk of failure)
Press: ? - help, Shift-Dir - straight line, f - bog body
Aim: a bog body (100% to hit)
The magic dart hits the bog body. 😎 MP[-1]
You lost 1 mp, and now have 27/41 mp.
Casting: Magic Dart (safe; 0% risk of failure)
Confirm with . or Enter, or press ? or * to list all spells.
Flames lash the bog body.
The bog body resists.
The bog body's fire resistance burns away.
The bog body is engulfed in a cloud of scalding steam. 😎 MP[-1]
You lost 1 mp, and now have 26/41 mp.
Casting: Scorch (safe; 0% risk of failure)
Confirm with . or Enter, or press ? or * to list all spells.
Flames lash the bog body.
The bog body is engulfed in a cloud of scalding steam. 😎 MP[-2]
You lost 2 mp, and now have 24/41 mp.
Casting: Scorch (safe; 0% risk of failure)
Confirm with . or Enter, or press ? or * to list all spells.
Flames lash the bog body.
You destroy the bog body!
Vehumet accepts your kill. 😎 MP[-2]
You lost 2 mp, and now have 22/41 mp.
The frozen ramparts melt away.
Your magical contamination has completely faded away. 😎 MP[+7]
You regained 7 mp, and now have 29/41 mp.
Your icy armour starts to melt.
Your icy armour evaporates.
You sense a monster nearby. 😎 MP[+10]
You regained 10 mp, and now have 39/41 mp.
S - a wand of roots (22) (gained 6 charges)
You see here an eleionoma corpse. 😎 MP[+1]
H - 3 scrolls of vulnerability {!r!r} (gained 1) 😎 MP[+1]
Your mp is fully restored (41).
Casting: Scorch (safe; 0% risk of failure)
Confirm with . or Enter, or press ? or * to list all spells.
A film of ice covers your body! 😎 MP[-3]
You lost 3 mp, and now have 38/41 mp.
Your icy armour cracks and falls away as you move.
You open the gate.
Unknown command.
The death drake closely misses you.
The thorn hunter fires a volley of thorns at you.
The volley of thorns hits you!!
You block the spriggan rider's attack. 😮 HP[-32] MP[+1]
You take 32 damage, and now have 65/97 hp.
MASSIVE DAMAGE!! (PAUSE)
You blink.
Splash!
You fall into the shallow water.
Moving in this stuff is going to be slow.
The thorn hunter gestures.
Thorny briars emerge from the ground!
The death drake breathes miasma at you. The foul vapour engulfs you!
You feel yourself slow down. 😮 HP[-7] MP[-1]
You take 7 damage, and now have 58/97 hp.
You lost 1 mp, and now have 38/41 mp.
Okay, then.
You feel stable enough to blink again.
The thorn hunter fires a volley of thorns at you.
The volley of thorns hits you!!
* * * LOW HITPOINT WARNING * * *
Thorny briars emerge from the ground!
The death drake is struck by the briar patch's thorns.
The death drake bites the briar patch.
The thorn hunter fires a volley of thorns at you.
The volley of thorns misses you.
The death drake is struck by the briar patch's thorns.
The death drake bites the briar patch.
Thorny briars emerge from the ground!
The thorn hunter fires a volley of thorns at you.
The volley of thorns hits you!!!
You die...

Skill      XL: |  1  2  3  4  5  6  7  8  9 10 11 12 13 14 15 16 17 |
---------------+----------------------------------------------------+-----
Dodging        | 3 4 5 7 8 9 10 11 13 16 | 16.6
Fighting       | 1 2 3 4 5 6 7 8 |  8.2
Spellcasting   | 4 5 6 7 9 10 11 15 18 | 18.5
Ice Magic      | 5 8 12 | 12.8
Conjurations   | 2 4 6 7 8 9 10 | 10.6
Evocations     | 2 4 5 7 8 9 10 | 10.0
Fire Magic     | 3 5 7 8 12 13 | 13.7
Shields        | 3 4 5 |  5.0
Poison Magic   | 3 5 |  5.0
Necromancy     | 6 7 |  7.0
Stealth        | |  2.4

Action                   |  1- 3 |  4- 6 |  7- 9 | 10-12 | 13-15 | 16-18 || total
-------------------------+-------+-------+-------+-------+-------+-------++-------
Melee: Spear             |    51 |       |       |       |    53 |       ||   104
       Unarmed           |     3 |       |       |       |       |       ||     3
       Punch             |     2 |       |       |       |       |       ||     2
       Morningstar       |       |       |       |       |   129 |       ||   129
       Flail             |       |       |       |       |       |   297 ||   297
 Fire: Sling             |    34 |    53 |   434 |   314 |   445 |       ||  1280
 Cast: Freeze            |    10 |     3 |       |       |    15 |       ||    28
       Frozen Ramparts   |     2 |     9 |    29 |    59 |    66 |    22 ||   187
       Ozocubu's Armour  |     2 |     4 |    20 |    42 |    50 |    31 ||   149
       Magic Dart        |       |       |    16 |       |    12 |     3 ||    31
       Mephitic Cloud    |       |       |     4 |     9 |    23 |     5 ||    41
       Scorch            |       |       |       |    78 |    60 |   133 ||   271
       Olgreb's Toxic Ra |       |       |       |    31 |   169 |    59 ||   259
       Ignite Poison     |       |       |       |     3 |    34 |    17 ||    54
       Irradiate         |       |       |       |       |    44 |    21 ||    65
       Ozocubu's Refrige |       |       |       |       |    34 |    14 ||    48
       Freezing Cloud    |       |       |       |       |       |    40 ||    40
       Ignition          |       |       |       |       |       |     3 ||     3
 Abil: Evoke Blink       |       |       |       |       |       |     1 ||     1
Evoke: Wand              |       |       |       |     6 |     2 |       ||     8
  Use: Scroll            |       |     9 |     8 |     5 |    13 |     3 ||    38
       Potion            |       |       |     1 |       |     3 |       ||     4
 Stab: Sleeping          |     4 |       |       |       |       |     2 ||     6
       Paralysed         |       |       |       |       |     7 |       ||     7
       Confused          |       |       |       |       |       |     1 ||     1
Armor: Robe              |     7 |    15 |   153 |   131 |   361 |   201 ||   868
Dodge: Dodged            |    36 |    18 |   256 |   288 |   818 |   358 ||  1774
       Repelled          |       |       |       |       |    18 |     7 ||    25
Block: Buckler           |       |       |       |    69 |   222 |   169 ||   460

Levels and vault maps discovered:
D:1:      psy_arrival_wood_between_worlds, layout_basic
D:2:      layout_rooms, dreamdust_ecumenical_altar_angels_and_demons
D:3:      layout_basic, nicolae_overflow_hidden_temple, minitemple, uniq_natasha
D:4:      layout_loops_ring, minmay_temple_entry_ruins, uniq_eustachio
D:5:      layout_basic, grunt_qazlal_clouds
D:6:      layout_loops_ring, lightli_ossuary_entry_decrepit_ruins,
          minmay_increasing_density
D:7:      layout_basic, serial_shops, nicolae_shop_hallway_stairs,
          corexii_leaking_fountain, nicolae_figureground_pulse
D:8:      layout_loops_corners, serial_bayou_pond_c,
          chequers_serial_rivers_micro_e, uniq_psyche
D:9:      layout_basic, orc_0_dummy, gammafunk_ghost_ooze
D:10:     layout_long_grid, dpeg_lair_monsters, ebering_ghost_disaster_area
D:11:     layout_loops_ring, uniq_snorg
D:12:     layout_roguey, amcnicky_mini_pool_small
D:13:     evilmike_iron_armoury, layout_loops_corners,
          hangedman_abyss_or_decor_lesser_grid
D:14:     layout_basic, erik_vaults_1, nicolae_trove_entry_crystal,
          uniq_josephine
D:15:     grunt_enter_depths_magical_seal, layout_basic, elyvilon_altar_1,
          uniq_azrael, uniq_rupert
Temple:   minmay_temple_bridge_d
Lair:1:   gammafunk_indiana_jones, layout_regular_city
Lair:2:   layout_chaotic_city, minmay_swamp_entry_worms
Lair:3:   beast_lair_carwin_large_3, layout_cave_pods, st_stairs_8
Lair:4:   layout_regular_city, spider_nest_entry_webs, infiniplex_staircase_pool
Lair:5:   layout_loops_ring, slime_entry_1
Lair:6:   grunt_lair_end_beastmaster, layout_cave_shapes
Swamp:1:  layout_falls_marsh, serial_swamp_ruin, evilmike_swamp_ruin_house_2,
          evilmike_swamp_ruin_house_5, nicolae_swamp_trees_clearing, swamp_pool1
Swamp:2:  layout_basic_swamp, evilmike_swamp_ruin_house_6, swamp_pool5,
          nicolae_swamp_very_dense_foliage
Swamp:3:  layout_basic_swamp, evilmike_swamp_ruin_house_3
Swamp:4:  swamp_basic_johnstein, layout_basic_swamp, gammafunk_ghost_split,
          swamp_pool1
Spider:1: layout_spider_delve, nicolae_crawler_farm
Spider:2: layout_spider_delve
Spider:3: layout_spider_delve, uniq_arachne, uniq_louise, uniq_nikola
Orc:1:    layout_caves, uniq_sonja
Orc:2:    st_orc_rangers, layout_diamond_mine, serial_shops,
          nicolae_shop_overgrown_old_shop, uniq_jorgrun

Notes
Turn   | Place    | Note
-------+----------+-------------------------------------------
     0 | D:1      | mcwallace the Deep Elf Ice Elementalist began the quest for
                  | the Orb.
     0 | D:1      | Reached XP level 1. HP: 10/10 MP: 6/6
     0 | D:1      | magus.rc [v1.9.6]
   655 | D:1      | Reached XP level 2. HP: 11/16 MP: 6/8
   756 | D:1      | You pick up a book of Unlife and begin reading...
   756 | D:1      | You add the spells Animate Dead, Borgnjor's Vile Clutch and
                  | Death Channel to your library.
  1218 | D:2      | Found a faded altar of an unknown god.
  1613 | D:2      | Identified the +0 ring mail "Kiohes" {Will- rCorr Int+3}
  1798 | D:3      | You pick up a book of Burglary and begin reading...
  1798 | D:3      | You add the spells Passwall, Ensorcelled Hibernation and
                  | Swiftness to your library.
  1802 | D:3      | You add the spells Conjure Flame, Ignite Poison and Sticky
                  | Flame to your library.
  1815 | D:3      | Reached skill level 3 in Dodging
  1849 | D:3      | Found a snail-covered altar of Cheibriados.
  1852 | D:3      | Found a bloodstained altar of Trog.
  2126 | D:3      | Found a shimmering altar of Xom.
  2395 | D:4      | Found a staircase to the Ecumenical Temple.
  2506 | D:4      | You pick up a book of Minor Magic and begin reading...
  2506 | D:4      | You add the spells Magic Dart, Call Imp and Mephitic Cloud
                  | to your library.
  2560 | D:4      | Reached XP level 3. HP: 20/20 MP: 10/10
  2566 | D:4      | Learned a level 3 spell: Frozen Ramparts
  2570 | D:4      | Learned a level 3 spell: Ozocubu's Armour
  2576 | D:4      | Reached skill level 1 in Fighting
  2720 | D:4      | Reached XP level 4. HP: 25/25 MP: 4/11
  2788 | D:4      | Reached skill level 4 in Spellcasting
  2788 | D:4      | Reached skill level 5 in Ice Magic
  2936 | Temple   | Entered the Ecumenical Temple
  3028 | Temple   | Became a worshipper of Vehumet
  3125 | D:4      | Noticed a water moccasin
  3131 | D:4      | Killed a water moccasin
  3132 | D:4      | Reached skill level 2 in Fighting
  3132 | D:4      | Reached skill level 4 in Dodging
  3132 | D:4      | Reached XP level 5. HP: 30/30 MP: 7/14
  3195 | D:4      | Noticed Eustachio
  3219 | D:4      | Killed Eustachio
  3220 | D:4      | Reached skill level 5 in Spellcasting
  3220 | D:4      | Reached XP level 6. HP: 18/36 MP: 3/15
  3776 | D:5      | Entered Level 5 of the Dungeon
  4246 | D:5      | Reached skill level 5 in Dodging
  4246 | D:5      | Reached XP level 7. HP: 38/40 MP: 10/17
  4326 | D:5      | Found a stormy altar of Qazlal.
  4430 | D:5      | Reached skill level 1 in Conjurations
  4546 | D:5      | Identified a scroll of acquirement
  4548 | D:5      | Acquired the +3 pair of mountain boots {steadfast, rC+}
  4548 | D:5      | Found the +3 pair of mountain boots {steadfast, rC+}
  4863 | D:6      | Reached skill level 3 in Fighting
  4984 | D:6      | Reached skill level 6 in Spellcasting
  5028 | D:6      | Noticed a steam dragon
  5033 | D:6      | Killed a steam dragon
  5034 | D:6      | Reached skill level 2 in Conjurations
  5034 | D:6      | Reached skill level 1 in Evocations
  5048 | D:6      | HP: 8/41 [ice beast (3)]
  5111 | D:6      | Found a sand-covered staircase.
  5115 | Ossuary  | Entered an ossuary
  5306 | Ossuary  | Learned a level 1 spell: Magic Dart
  5366 | Ossuary  | Reached skill level 2 in Evocations
  5366 | Ossuary  | Reached XP level 8. HP: 42/46 MP: 15/19
  5398 | Ossuary  | Reached * piety under Vehumet
  5398 | Ossuary  | Offered knowledge of Shock by Vehumet.
  5440 | Ossuary  | Reached skill level 6 in Dodging
  5545 | Ossuary  | Reached skill level 3 in Conjurations
  5787 | Ossuary  | Reached skill level 7 in Spellcasting
  5885 | D:6      | Reached skill level 3 in Evocations
  6107 | D:6      | Offered knowledge of Poisonous Vapours by Vehumet.
  6363 | D:6      | Reached ** piety under Vehumet
  6596 | D:6      | Reached skill level 4 in Fighting
  6890 | D:7      | Reached skill level 4 in Conjurations
  6947 | D:7      | Identified the ring "Hycout" {rElec rC++ rN+ AC+4}
  7127 | D:7      | Found Bubuur's Book Emporium.
  7173 | D:7      | Noticed a hornet
  7182 | D:7      | Killed a hornet
  7183 | D:7      | Reached skill level 7 in Dodging
  7183 | D:7      | Reached skill level 4 in Evocations
  7183 | D:7      | Reached XP level 9. HP: 46/52 MP: 19/22
  7284 | D:7      | Reached skill level 8 in Spellcasting
  7707 | D:7      | HP: 6/52 [steam dragon] (14)]
  8527 | D:8      | Reached skill level 5 in Conjurations
  8709 | D:8      | Learned a level 3 spell: Mephitic Cloud
  9039 | D:8      | Identified a +1 robe of the Archmagi
  9039 | D:8      | Noticed Psyche
  9048 | D:8      | Killed Psyche
  9049 | D:8      | Reached skill level 5 in Fighting
  9049 | D:8      | Reached skill level 5 in Evocations
  9540 | D:9      | Reached skill level 8 in Dodging
  9619 | D:9      | Reached skill level 9 in Spellcasting
  9790 | D:9      | You pick up a book of Hexes and begin reading...
  9790 | D:9      | You add the spells Inner Flame, Cause Fear and Discord to
                  | your library.
  9852 | D:9      | Noticed a troll
  9864 | D:9      | Killed a troll
  9990 | D:9      | Offered knowledge of Scorch by Vehumet.
  9991 | D:9      | Reached skill level 6 in Conjurations
  9991 | D:9      | Reached XP level 10. HP: 58/59 MP: 22/25
  9997 | D:9      | Learned a level 2 spell: Scorch
 10016 | D:9      | Found a staircase to the Orcish Mines.
 10123 | D:9      | Found a runed translucent gate.
 10123 | D:9      | Found a runed translucent gate.
 10123 | D:9      | Found a runed translucent gate.
 10124 | D:9      | Noticed zishaf's ghost (novice VSBr)
 10300 | D:9      | Reached skill level 1 in Fire Magic
 10484 | D:9      | Found a viscous altar of Jiyva.
 10507 | D:10     | Entered Level 10 of the Dungeon
 10514 | D:10     | Noticed a death yak
 10531 | D:9      | Reached skill level 6 in Evocations
 10663 | D:10     | Noticed a gargoyle
 10671 | D:10     | Reached *** piety under Vehumet
 10674 | D:10     | Killed a gargoyle
 10968 | D:10     | Reached skill level 2 in Fire Magic
 10972 | D:10     | Noticed a death yak
 10975 | D:10     | Noticed a death yak
 10981 | D:10     | Reached skill level 9 in Dodging
 10983 | D:10     | Reached skill level 10 in Spellcasting
 10985 | D:10     | Killed a death yak
 10986 | D:10     | Reached skill level 6 in Fighting
 10986 | D:10     | Reached skill level 7 in Conjurations
 10986 | D:10     | Reached skill level 3 in Fire Magic
 10987 | D:10     | Killed a death yak
 11180 | D:10     | Found a staircase to the Lair.
 11286 | D:10     | Killed a death yak
 11287 | D:10     | Reached skill level 7 in Evocations
 11287 | D:10     | Reached XP level 11. HP: 63/64 MP: 7/27
 11435 | D:10     | Noticed a two-headed ogre
 11442 | D:10     | Killed a two-headed ogre
 11443 | D:10     | Reached skill level 4 in Fire Magic
 11549 | D:10     | Found a large runed translucent door.
 11550 | D:10     | Found a large runed translucent door.
 11552 | D:10     | Noticed blackman's ghost (journeyman DsAr)
 11568 | D:10     | Reached skill level 1 in Shields
 11649 | D:10     | You pick up a book of Alchemy and begin reading...
 11649 | D:10     | You add the spells Sublimation of Blood, Petrify and
                  | Irradiate to your library.
 11657 | D:10     | You pick up a book of Cantrips and begin reading...
 11657 | D:10     | You add the spells Necrotise, Summon Small Mammal and
                  | Apportation to your library.
 11756 | D:10     | Noticed a two-headed ogre
 11765 | D:10     | Killed a two-headed ogre
 11932 | D:10     | Offered knowledge of Olgreb's Toxic Radiance by Vehumet.
 11938 | D:10     | Learned a level 4 spell: Olgreb's Toxic Radiance
 12111 | D:10     | Killed blackman's ghost
 12325 | Lair:1   | Entered Level 1 of the Lair of Beasts
 12391 | Lair:1   | Reached skill level 10 in Dodging
 12391 | Lair:1   | Reached skill level 1 in Poison Magic
 12553 | Lair:1   | HP: 16/66 [poisoned by a cane toad]
 12558 | Lair:1   | HP: 12/66 [poisoned by a cane toad]
 13035 | Lair:1   | Found a runed translucent door.
 13058 | Lair:1   | Reached skill level 2 in Shields
 13111 | Lair:1   | Reached skill level 11 in Spellcasting
 13867 | Lair:2   | Reached skill level 2 in Poison Magic
 14001 | Lair:2   | Found a staircase to the Swamp.
 14018 | Lair:2   | Reached skill level 5 in Fire Magic
 14019 | Lair:2   | Reached skill level 8 in Conjurations
 14295 | Lair:2   | You pick up a book of Misfortune and begin reading...
 14295 | Lair:2   | You add the spells Confusing Touch, Yara's Violent
                  | Unravelling and Enfeeble to your library.
 14513 | Lair:2   | Reached skill level 8 in Evocations
 14789 | Lair:3   | Reached skill level 3 in Poison Magic
 15006 | Lair:3   | Reached skill level 7 in Fighting
 15065 | Lair:3   | Reached **** piety under Vehumet
 15066 | Lair:3   | Reached skill level 3 in Shields
 15066 | Lair:3   | Reached XP level 12. HP: 68/72 MP: 20/29
 15068 | Lair:3   | Offered knowledge of Flame Wave by Vehumet.
 15077 | Lair:3   | HP: 16/72 [poisoned by a cane toad]
 15082 | Lair:3   | HP: 9/72 [poisoned by a cane toad]
 15087 | Lair:3   | HP: 9/72 [poisoned by a cane toad]
 15561 | Lair:3   | Reached skill level 6 in Fire Magic
 15650 | Lair:3   | Reached skill level 4 in Poison Magic
 15875 | Lair:3   | Learned a level 3 spell: Ignite Poison
 15944 | Lair:4   | Noticed an eight-headed hydra
 16100 | Lair:4   | Killed an eight-headed hydra
 16101 | Lair:4   | Reached skill level 11 in Dodging
 16306 | Lair:4   | Reached skill level 9 in Conjurations
 16439 | Lair:4   | Reached skill level 4 in Shields
 16484 | Lair:4   | Reached skill level 9 in Evocations
 16550 | Lair:4   | Found a hole to the Spider Nest.
 16566 | Lair:4   | Reached skill level 5 in Poison Magic
 17076 | Lair:4   | Noticed a death yak
 17092 | Lair:4   | Killed a death yak
 17093 | Lair:4   | Reached skill level 7 in Fire Magic
 17145 | Lair:4   | Noticed a death yak
 17162 | Lair:4   | Killed a death yak
 17162 | Lair:4   | Reached ***** piety under Vehumet
 17162 | Lair:4   | Offered knowledge of Ozocubu's Refrigeration by Vehumet.
 17171 | Lair:4   | Learned a level 7 spell: Ozocubu's Refrigeration
 17468 | Lair:4   | Reached XP level 13. HP: 71/78 MP: 24/30
 17630 | Lair:5   | HP: 13/78 [cane toad (14)]
 17697 | Lair:5   | Found a staircase to the Slime Pits.
 17697 | Lair:5   | Found a viscous altar of Jiyva.
 17953 | Lair:5   | You add the spells Borgnjor's Revivification, Necromutation
                  | and Death's Door to your library.
 18470 | Lair:5   | Reached skill level 8 in Fighting
 18507 | Lair:6   | Entered Level 6 of the Lair of Beasts
 18517 | Lair:6   | Reached skill level 1 in Necromancy
 18517 | Lair:6   | Reached skill level 6 in Ice Magic
 18649 | Lair:6   | Reached skill level 12 in Dodging
 18652 | Lair:6   | Reached skill level 2 in Necromancy
 18675 | Lair:6   | Reached skill level 5 in Shields
 18786 | Lair:6   | Reached skill level 3 in Necromancy
 18786 | Lair:6   | Reached skill level 10 in Evocations
 18795 | Lair:6   | Reached skill level 7 in Ice Magic
 18922 | Lair:6   | Reached skill level 4 in Necromancy
 19338 | Lair:6   | Reached skill level 5 in Necromancy
 19347 | Lair:6   | Offered knowledge of Conjure Ball Lightning by Vehumet.
 19348 | Lair:6   | Reached skill level 13 in Dodging
 19348 | Lair:6   | Reached skill level 8 in Ice Magic
 19508 | Lair:6   | Reached skill level 6 in Necromancy
 19813 | Orc:1    | Entered Level 1 of the Orcish Mines
 19817 | Orc:1    | Noticed Sonja
 19824 | Orc:1    | Killed Sonja
 20116 | Orc:1    | Reached XP level 14. HP: 60/84 MP: 22/31
 20252 | Orc:1    | Noticed an orc warlord
 20284 | Orc:1    | Killed an orc warlord
 20457 | Orc:1    | magus.rc [v1.9.6]
 20473 | Orc:2    | Entered Level 2 of the Orcish Mines
 20721 | Orc:2    | Noticed Jorgrun
 20830 | Orc:2    | Reached skill level 9 in Ice Magic
 20855 | Orc:2    | Found a staircase to the Elven Halls.
 20885 | Orc:2    | Reached skill level 7 in Necromancy
 20891 | Orc:2    | Learned a level 5 spell: Irradiate
 21086 | Orc:2    | Killed Jorgrun
 21087 | Orc:2    | Reached skill level 14 in Dodging
 21110 | Orc:2    | Reached skill level 10 in Ice Magic
 21538 | Orc:2    | Found Mini's Magic Scroll Shop.
 21538 | Orc:2    | Found Kistraogh's Magic Scroll Shoppe.
 21540 | Orc:2    | Found Luneruz's Jewellery Emporium.
 21542 | Orc:2    | Found Naenk's Jewellery Boutique.
 21665 | Orc:2    | Found Aqotzo's Assorted Antiques.
 21816 | Orc:2    | Bought the amulet of Life {Acrobat Rampage Drain Will+++
                  | Regen+ Dex-4} for 867 gold pieces
 21830 | Orc:2    | Bought a scroll of acquirement for 832 gold pieces
 21830 | Orc:2    | Acquired 1025 gold pieces
 21833 | Orc:2    | Bought a scroll of acquirement for 936 gold pieces
 22040 | Orc:2    | Acquired 1220 gold pieces
 22045 | Orc:2    | Bought a ring of poison resistance for 340 gold pieces
 22207 | Spider:1 | Entered Level 1 of the Spider Nest
 22377 | Spider:1 | Offered knowledge of Fireball by Vehumet.
 22458 | Spider:1 | Reached skill level 15 in Dodging
 22661 | Spider:1 | Reached skill level 11 in Ice Magic
 23609 | Spider:1 | Reached skill level 12 in Ice Magic
 23956 | Spider:2 | Reached skill level 16 in Dodging
 24206 | Spider:2 | Reached XP level 15. HP: 83/88 MP: 23/32
 24697 | Spider:3 | Offered knowledge of Orb of Destruction by Vehumet.
 24787 | Spider:3 | Identified the +3 tower shield of a wizard's laboratory
                  | {Stlth+}
 24787 | Spider:3 | Noticed Louise
 24942 | Spider:3 | Noticed Arachne
 25053 | Spider:3 | Reached skill level 12 in Spellcasting
 25119 | Spider:3 | Killed Louise
 25336 | Spider:3 | Killed Arachne
 25345 | Spider:3 | Reached skill level 13 in Spellcasting
 25348 | Spider:3 | Reached skill level 10 in Conjurations
 25351 | Spider:3 | HP: 11/88 [disintegration (34)]
 25755 | Spider:3 | Noticed Nikola
 25900 | Swamp:1  | Entered Level 1 of the Swamp
 25907 | Swamp:1  | Offered knowledge of Iron Shot by Vehumet.
 25954 | Swamp:1  | Reached skill level 14 in Spellcasting
 25964 | Swamp:1  | HP: 10/88 [spriggan rider/+0 spear (13)]
 26103 | Swamp:1  | HP: 22/88 [bunyip (10)]
 26290 | D:7      | Bought a book of Fire for 616 gold pieces
 26290 | D:7      | You pick up a book of Fire and begin reading...
 26290 | D:7      | You add the spells Fireball, Starburst and Ignition to your
                  | library.
 26417 | D:11     | Noticed Snorg
 26423 | D:11     | Killed Snorg
 27339 | D:12     | Reached skill level 15 in Spellcasting
 27436 | D:12     | Reached skill level 8 in Fire Magic
 28448 | D:13     | Found an iron altar of Okawaru.
 28448 | D:13     | Noticed an orc warlord
 28689 | D:13     | Offered knowledge of Freezing Cloud by Vehumet.
 28690 | D:13     | Reached XP level 16. HP: 93/93 MP: 25/37
 28699 | D:13     | Identified the +3 flail "Leshaidgh" {flame, +Blink rC- rN+
                  | Int+4}
 28710 | D:13     | Learned a level 5 spell: Freezing Cloud
 28988 | D:13     | Identified the +2 robe of Red Leaves {Regen+ Int+5 SInv}
 29037 | D:13     | Identified the +0 chain mail "Qoikomni" {rElec Str-3 Dex+4}
 29090 | D:13     | Found the +2 hood of the Assassin {Detection Stab+ Stlth++}
 29120 | D:13     | Identified the +6 hand axe "Wuik" {vorpal, rC+ Int+3}
 29300 | D:13     | Reached skill level 16 in Spellcasting
 29845 | D:13     | Upgraded the game from 0.29-a0-857-g9b1aa3ac5b to
                  | 0.29-a0-870-g2c972031a6
 29845 | D:13     | magus.rc [v1.9.6]
 29890 | D:14     | Reached skill level 9 in Fire Magic
 30092 | D:14     | Noticed Josephine
 30107 | D:14     | Killed Josephine
 30551 | D:14     | Found a portal to a secret trove of treasure.
 30559 | D:14     | This trove needs a +6 demon blade to function. Give it the
                  | item?
 30596 | D:14     | Reached skill level 17 in Spellcasting
 30677 | D:14     | Found a gate to the Vaults.
 31092 | D:15     | Entered Level 15 of the Dungeon
 31121 | D:15     | You pick up a book of Burglary and begin reading...
 31160 | D:15     | You pick up a book of Air and begin reading...
 31160 | D:15     | You add the spells Shock and Airstrike to your library.
 31171 | D:15     | Found a white marble altar of Elyvilon.
 31668 | D:15     | Found a staircase to the Depths.
 31728 | D:15     | Reached skill level 10 in Fire Magic
 31785 | D:15     | Noticed Azrael
 31791 | D:15     | Killed Azrael
 31870 | D:15     | Noticed Rupert
 31879 | D:15     | Killed Rupert
 31880 | D:15     | Reached skill level 18 in Spellcasting
 32009 | D:15     | Offered knowledge of Eringya's Noxious Bog by Vehumet.
 32936 | Swamp:2  | You pick up a book of Flames and begin reading...
 32936 | Swamp:2  | You add the spells Foxfire and Flame Wave to your library.
 33186 | Swamp:2  | You pick up a book of Conjurations {@e2} and begin
                  | reading...
 33186 | Swamp:2  | You add the spells Searing Ray and Fulminant Prism to your
                  | library.
 33198 | Swamp:2  | You add the spells Gell's Gravitas, Teleport Other and
                  | Dispersal to your library.
 33208 | Swamp:2  | Learned a level 8 spell: Ignition
 33250 | Swamp:2  | Reached skill level 11 in Fire Magic
 34254 | Swamp:3  | Reached skill level 12 in Fire Magic
 34810 | Swamp:3  | Reached XP level 17. HP: 97/97 MP: 25/41
 35008 | Swamp:4  | Entered Level 4 of the Swamp
 35143 | Swamp:4  | Reached skill level 13 in Fire Magic
 35620 | Swamp:4  | You pick up a book of Fire and begin reading...
 35680 | Swamp:4  | Found a runed translucent gate.
 35680 | Swamp:4  | Found a runed translucent gate.
 35680 | Swamp:4  | Found a runed translucent gate.
 35681 | Swamp:4  | Noticed dolemite99's ghost (journeyman TrAK)
 35777 | Swamp:4  | Killed from afar by a thorn hunter

Vanquished Creatures
  Arachne (Spider:3)
  Jorgrun (Orc:2)
  Rupert (D:15)
  A thorn hunter (Swamp:4)
  Louise (Spider:3)
  2 orc warlords
  A broodmother (Spider:3)
  2 entropy weavers
  6 eleionomae
  3 bunyips
  Azrael (D:15)
  3 spark wasps
  Snorg (D:11)
  Josephine (D:14)
  2 boulder beetles
  8 hydras
  An ogre mage (D:15)
  A rakshasa (D:14)
  2 catoblepae (Lair:6)
  The ghost of blackman the Skirmisher, a journeyman DsAr of Gozag (D:10)
  2 spriggan air magi
  2 ghost crabs (Swamp:4)
  A radroach (Spider:1)
  7 centaur warriors
  8 alligators
  A tengu warrior (D:13)
  2 dancing weapons (D:14)
  A deep troll shaman (Lair:6)
  4 two-headed ogres
  An orc high priest (Orc:2)
  8 death yaks
  Sonja (Orc:1)
  4 spriggans
  4 pharaoh ants
  A deep elf knight (D:13)
  4 skeletal warriors (D:14)
  3 spriggan druids
  9 orb spiders
  4 swamp dragons
  A sun moth (Spider:3)
  6 steelbarb worms
  2 bog bodies
  7 goliath frogs
  A deep elf archer (D:13)
  2 wizards (D:15)
  A necromancer (D:15)
  2 deep elf pyromancers
  A wolf spider zombie (D:15)
  A deep elf zephyrmancer (D:15)
  2 manticores
  5 orc knights
  5 ugly things
  A will-o-the-wisp (Swamp:4)
  8 wolf spiders
  3 cyclopes
  24 elephants
  A moth of wrath (Spider:2)
  7 black mambas
  2 gargoyles
  A naga mage (D:15)
  2 torpor snails
  13 cane toads
  Psyche (D:8)
  An unseen horror (D:12)
  8 komodo dragons
  12 demonic crawlers
  4 kobold demonologists
  A freezing wraith (D:15)
  4 trolls
  A bloated husk (Swamp:4)
  9 meliai
  5 polar bears
  9 tarantellas
  9 tyrant leeches
  5 hornets
  18 slime creatures
  14 blink frogs
  13 jumping spiders
  14 culicivoras
  9 wraiths
  A shadow (D:11)
  2 water elementals (D:14)
  4 basilisks
  15 yaks
  Eustachio (D:4)
  4 wyverns
  4 fire elementals (D:15)
  4 steam dragons
  38 redbacks
  23 vampire mosquitoes
  3 acid dragons
  15 swamp worms
  2 wargs (Orc:1)
  9 water moccasins
  2 hell hounds (D:15)
  44 orc warriors
  2 ice beasts
  A sky beast (D:8)
  A black bear (Lair:1)
  3 swamp drakes (Swamp:2)
  7 ogres
  21 wolves
  27 centaurs
  2 elf zombies (Ossuary)
  3 kobold brigands
  A gnoll sergeant (D:9)
  14 bullfrogs
  3 scorpions
  3 wights (D:9)
  16 killer bees
  9 electric eels
  4 centaur zombies
  A crimson imp (Spider:1)
  4 jellies
  6 hounds
  2 human zombies (Ossuary)
  12 orc priests
  6 iguanas
  11 orc wizards
  6 hell rats
  A hound zombie (Ossuary)
  3 mummies (Ossuary)
  5 gnolls
  4 adders
  3 shadow imps
  3 white imps
  7 adder zombies (Ossuary)
  A worm (D:2)
  A dart slug (D:5)
  41 orcs
  5 ball pythons
  3 endoplasms
  A gnoll zombie (Ossuary)
  6 goblins
  A hobgoblin (D:3)
  7 kobolds
  A quokka (D:1)
  A bat (D:2)
  3 frilled lizards
  3 goblin zombies (Ossuary)
  2 hobgoblin zombies (Ossuary)
  6 jackal zombies (Ossuary)
  2 kobold zombies (Ossuary)
  An orc zombie (Ossuary)
  5 quokka zombies (Ossuary)
  4 rats
  2 rat zombies (Ossuary)
800 creatures vanquished.

Vanquished Creatures (others)
  A bloated husk (Swamp:1)
  A briar patch (Swamp:4)
  4 foxfires (Swamp:4)
  27 fungi
  29 plants
62 creatures vanquished.

Grand Total: 862 creatures vanquished

Table legend:
 A = Non-vault XP
 B = Vault XP
 C = Vault XP percentage of total XP
 D = Non-vault monster count
 E = Vault monster count
 F = Vault count percentage of total count
                 A         B        C        D         E       F
            +---------+---------+-------+---------+---------+-------
      Total |  179207 |   49065 |  21.5 |     616 |     185 |  23.1
            +---------+---------+-------+---------+---------+-------
        D:1 |      12 |       0 |   0.0 |       7 |       0 |   0.0
        D:2 |      17 |       0 |   0.0 |      10 |       0 |   0.0
        D:3 |       8 |       0 |   0.0 |       6 |       0 |   0.0
        D:4 |     296 |     196 |  39.8 |      15 |       1 |   6.2
        D:5 |     287 |       0 |   0.0 |      10 |       0 |   0.0
        D:6 |     518 |     458 |  46.9 |       9 |       7 |  43.8
        D:7 |    1316 |       0 |   0.0 |      17 |       0 |   0.0
        D:8 |     524 |     383 |  42.2 |       6 |       1 |  14.3
        D:9 |    2070 |       0 |   0.0 |      22 |       0 |   0.0
       D:10 |    4621 |    3304 |  41.7 |      25 |       6 |  19.4
       D:11 |    3297 |     928 |  22.0 |      15 |       1 |   6.2
       D:12 |    7568 |       0 |   0.0 |      26 |       0 |   0.0
       D:13 |    2961 |    5061 |  63.1 |      10 |      16 |  61.5
       D:14 |   13816 |    3636 |  20.8 |      37 |       8 |  17.8
       D:15 |    4133 |    8338 |  66.9 |      11 |      16 |  59.3
     Lair:1 |    2752 |       0 |   0.0 |      10 |       0 |   0.0
     Lair:2 |    4617 |     322 |   6.5 |      13 |       2 |  13.3
     Lair:3 |    6107 |    1053 |  14.7 |      23 |      11 |  32.4
     Lair:4 |   10390 |     374 |   3.5 |      26 |       2 |   7.1
     Lair:5 |    4452 |       0 |   0.0 |      14 |       0 |   0.0
     Lair:6 |   11746 |    8379 |  41.6 |      40 |      19 |  32.2
    Swamp:1 |   11665 |       0 |   0.0 |      33 |       0 |   0.0
    Swamp:2 |   10620 |     278 |   2.6 |      21 |       2 |   8.7
    Swamp:3 |   11356 |       0 |   0.0 |      19 |       0 |   0.0
    Swamp:4 |   12105 |       0 |   0.0 |      18 |       0 |   0.0
   Spider:1 |   18774 |    2279 |  10.8 |      51 |       7 |  12.1
   Spider:2 |    8259 |       0 |   0.0 |      20 |       0 |   0.0
   Spider:3 |   18835 |    3434 |  15.4 |      48 |       2 |   4.0
      Orc:1 |    4139 |     778 |  15.8 |      40 |       1 |   2.4
      Orc:2 |    1946 |    9351 |  82.8 |      14 |      44 |  75.9
    Ossuary |       0 |     513 | 100.0 |       0 |      39 | 100.0
            +---------+---------+-------+---------+---------+-------

Illustrated notes

Table legend:
 A = Kills in this place as a percentage of kills in entire the game.
 B = Kills by you in this place as a percentage of kills by you in the entire game.
 C = Kills by friends in this place as a percentage of kills by friends in the entire game.
 D = Other kills in this place as a percentage of other kills in the entire game.
 E = Experience gained in this place as a percentage of experience gained in the entire game.
 F = Experience gained in this place divided by the number of levels of this place that you have seen.
                   A       B       C       D       E      F
               +-------+-------+-------+-------+-------+----------------------
         Total | 100.0 | 100.0 |   N/A | 100.0 | 100.0 | 7133.5
       Dungeon |  35.2 |  35.3 |   N/A |  25.0 |  27.9 | 4249.9
          Lair |  20.0 |  20.1 |   N/A |   0.0 |  22.0 | 8365.3
         Swamp |  11.6 |  11.5 |   N/A |  25.0 |  20.2 | 11506.0
   Spider Nest |  16.0 |  16.1 |   N/A |   0.0 |  22.6 | 17193.7
  Orcish Mines |  12.4 |  12.2 |   N/A |  50.0 |   7.1 | 8107.0
       Ossuary |   4.9 |   4.9 |   N/A |   0.0 |   0.2 | 513.0
               +-------+-------+-------+-------+-------+----------------------

Table legend: (Time is in decaauts)
 A = Elapsed time spent in this place.
 B = Non-inter-level travel time spent in this place.
 C = Inter-level travel time spent in this place.
 D = Time resting spent in this place.
 E = Time spent auto-exploring this place.
 F = Levels seen in this place.
 G = Mean time per level.
                   A        B        C        D        E       F      G
               +--------+--------+--------+--------+--------+-----+--------+
         Total |  36850 |  34513 |   2337 |   2206 |  25716 |  32 | 1151.6 |
       Dungeon |  17819 |  16955 |    864 |    590 |  13655 |  15 | 1187.9 |
        Temple |    161 |     64 |     97 |      0 |     60 |   1 |  161.0 |
          Lair |   8174 |   7487 |    687 |    351 |   5737 |   6 | 1362.3 |
         Swamp |   3810 |   3623 |    187 |    503 |   2512 |   4 |  952.5 |
   Spider Nest |   3702 |   3537 |    165 |    444 |   2186 |   3 | 1234.0 |
  Orcish Mines |   2360 |   2024 |    336 |    139 |   1257 |   2 | 1180.0 |
       Ossuary |    821 |    821 |      0 |    179 |    308 |   1 |  821.0 |
               +--------+--------+--------+--------+--------+-----+--------+

Top non-repeatable levels by time:
Spider:1: 1672 daAuts
   Orc:2: 1660 daAuts
    D:13: 1608 daAuts
  Lair:4: 1587 daAuts
    D:10: 1573 daAuts
     D:7: 1549 daAuts
  Lair:2: 1472 daAuts
  Lair:1: 1468 daAuts
Spider:2: 1446 daAuts
    D:14: 1419 daAuts
     D:9: 1417 daAuts
     D:6: 1345 daAuts
  Lair:3: 1337 daAuts
 Swamp:2: 1307 daAuts
 Swamp:3: 1259 daAuts
